Map: Catalyst LE

Players

Bourbond - Winner!

  • Race: Terran Terran
  • League: Master
  • Spawn Location: 11:00

KHighyay

  • Race: Protoss Protoss
  • League: Diamond
  • Spawn Location: 5:00

VOD

Have the link to the VOD?

Description

Time

  • Played on: Jan. 6, 2018, 2:10 a.m.
  • Length: 7:11
Show
View Real Time Build Order
Export as new Build Order

Bourbond Terran - Winner!

Build Orders: Reaper Expand 

Get SALT Encoding   

  12  0:00  SCV  
  13  0:13  SCV  
  14  0:17  Supply Depot  
  14  0:25  SCV  
  15  0:29  Refinery  
  15  0:39  SCV  
  16  0:46  Barracks  
  16  0:51  SCV  
  17  1:03  SCV  
  18  1:15  SCV  
  19  1:32  Orbital Command  
  19  1:33  Reaper  
  20  1:50  Command Center  
  20  2:02  SCV  
  20  2:07  Barracks Reactor  
  21  2:09  Factory  
  21  2:15  SCV  
  22  2:19  Supply Depot  
  22  2:23  Refinery  
  22  2:27  SCV  
  23  2:41  SCV  
  23  2:54  SCV  
  24  3:01  Cyclone  
  24  3:02  Orbital Command  
  24  3:04  Cyclone  
  30  3:06  SCV  
  30  3:07  Refinery  
  31  3:18  SCV  
  32  3:26  Factory  
  31  3:28  SCV  
  31  3:30  SCV  
  31  3:31  Supply Depot  
  33  3:40  SCV, Cyclone  
  37  3:43  SCV  
  37  3:46  Barracks Reactor  
  38  3:50  Widow Mine  
  38  3:54  Supply Depot, SCV  
  41  3:57  SCV  
  42  4:06  SCV  
  42  4:09  SCV  
  44  4:11  Cyclone  
  47  4:18  Supply Depot  
  47  4:19  SCV  
  47  4:20  Supply Depot  
  47  4:23  Cyclone  
  51  4:26  SCV  
  51  4:31  SCV  
  53  4:32  Cyclone  
  57  4:38  SCV  
  57  4:43  SCV  
  57  4:45  Cyclone  
  61  4:49  Widow Mine  
  61  4:51  SCV  
  64  4:52  Refinery  
  64  4:55  Engineering Bay  
  64  4:57  SCV  
  65  5:03  SCV  
  65  5:05  Cyclone  
  53  5:28  SCV  
  53  5:29  SCV  
  52  5:40  SCV  
  52  5:41  SCV, Cyclone  
  54  5:47  Supply Depot  
  54  5:53  SCV x2  
  56  6:05  SCV x2  
  56  6:07  Cyclone  
  61  6:17  SCV  
  61  6:18  Cyclone  
  65  6:20  SCV  
  66  6:28  Supply Depot  
  66  6:30  SCV  
  66  6:32  SCV  
  68  6:34  Supply Depot  
  65  6:43  SCV  
  65  6:44  SCV  
  67  6:55  SCV  
  67  6:56  SCV  
Show
View Real Time Build Order
Export as new Build Order

KHighyay Protoss 

Build Orders:  

Get SALT Encoding   

  12  0:03  Probe  
  13  0:13  Pylon  
  13  0:18  Probe (Chrono Boost)  
  15  0:29  Probe (Chrono Boost)  
  15  0:33  Probe (Chrono Boost)  
  16  0:38  Gateway  
  16  0:44  Probe  
  16  0:48  Assimilator  
  17  0:53  Assimilator  
  17  1:00  Probe  
  18  1:13  Probe  
  18  1:14  Gateway  
  19  1:19  Gateway  
  19  1:29  Cybernetics Core  
  19  1:32  Probe  
  20  1:44  Probe  
  20  1:45  Pylon  
  21  2:06  Stalker x3  
  27  2:11  Warp Gate (Chrono Boost)  
  27  2:12  Probe  
  28  2:17  Pylon  
  28  2:36  Adept x2  
  32  2:42  Adept  
  34  2:56  Robotics Facility  
  34  3:03  Pylon  
  34  3:04  Adept  
  36  3:11  Adept  
  38  3:21  Adept  
  40  3:37  Pylon  
  40  3:43  Warp Prism  
  42  3:53  Adept  
  42  3:54  Adept  
  46  3:57  Sentry  
  46  4:01  Pylon  
  48  4:14  Stalker  
  50  4:17  Stalker  
  52  4:24  Adept  
  50  5:17  Adept  
  50  5:18  Adept x2  
  32  5:41  Nexus  
  32  5:45  Immortal (Chrono Boost)  
  32  5:46  Zealot x2  
  32  5:47  Zealot  
  38  5:55  Twilight Council  
  34  5:58  Probe  
  33  6:09  Pylon  
  33  6:10  Probe  
  34  6:24  Immortal (Chrono Boost)  
  32  6:42  Sentry  
  32  6:44  Zealot x2  
Tags
 
Add a new tag
Caveats
  • Supply blocks, unpowered buildings, or Contaminate may cause inaccurate times.
  • Supply counts are checked every 10 seconds.